 Dungeon Crawl Stone Soup version 0.17-a0-2231-gd80ca38 (webtiles) character file.

172 ololoev the Martial Artist (level 5, 0/46 HPs)
             Began as a Demonspawn Monk on Oct 29, 2015.
             Slain by an ogre
             ... wielding a +0 giant club
              (29 damage)
             ... on level 4 of the Dungeon.
             The game lasted 00:05:52 (619 turns).

ololoev the Martial Artist (Demonspawn Monk)         Turns: 619, Time: 00:05:53

Health: 0/46       AC:  5    Str: 12    XL:     5   Next: 27%
Magic:  5/5        EV: 11    Int: 12    God:
Gold:   3          SH:  0    Dex: 17    Spells: 0 memorised, 4 levels left

rFire  . . .     SeeInvis .       - Unarmed
rCold  + . .     Clarity  .     k - +0 ring mail
rNeg   . . .     SustAt   .     (no shield)
rPois  .         Gourm    .     (no helmet)
rElec  .         Spirit   .     (no cloak)
rCorr  .         Warding  .     (no gloves)
rMut   .         Stasis   .     (no boots)
MR     .....                    (no amulet)
Stlth  ++........               (no ring)
                                (no ring)

@: not resistant to hostile enchantments, unstealthy
A: thin skeletal structure 1, cold resistance 1, rot immunity
a: no special abilities


Innate Abilities, Weirdness & Mutations

You have a somewhat thin skeletal structure (Dex +2, Stealth).
Your flesh is cold resistant.
You are immune to rotting.

Inventory:

Hand Weapons
 b - a +0 blowgun
Missiles
 l - 12 poisoned needles
Armour
 k - a +0 ring mail (worn)
Wands
 g - a wand of enslavement (11)
Scrolls
 c - a scroll of teleportation {unknown}
 d - a scroll of remove curse {unknown}
 f - a scroll of immolation {unknown}
 i - 2 scrolls of identify {unknown}
 j - a scroll of noise {unknown}
Potions
 e - 3 potions of curing
Comestibles
 a - a bread ration
 h - 2 chunks of flesh


   Skills:
 + Level 5.6 Fighting
 + Level 4.0 Armour
 - Level 2.6 Dodging
 - Level 1.7 Stealth
 * Level 10.7 Unarmed Combat
 + Level 0.0 Evocations


You had 4 spell levels left.
You didn't know any spells.


You were on level 4 of the Dungeon.
You were not hungry.

You visited 1 branch of the dungeon, and saw 4 of its levels.

You collected 50 gold pieces.
You spent 47 gold pieces at shops.

#....#.##.###
######.........#..
#∩..........##.#.#
#.####.#.#####.#.#
#..##........##.#.#
#.#....#.#.##......#####.#
##.......#)#####.........#
#.#######...........###....
#. #.@.....###.# # #.
#O####### #.# .......oo.(#
#.# ####.....o.# ...
#....oO.# #.# #.l..:..# ...
#...$...# #.......#
........#

Notes
Turn   | Place    | Note
--------------------------------------------------------------
     0 | D:1      | ololoev the Demonspawn Monk began the quest for the Orb.
     0 | D:1      | Reached XP level 1. HP: 18/18 MP: 1/1
    82 | D:2      | Found a snail-covered altar of Cheibriados.
   198 | D:2      | Gained mutation: You have a somewhat thin skeletal structure (Dex +2, Stealth). [demonic ancestry]
   198 | D:2      | Reached XP level 2. HP: 12/24 MP: 2/2
   217 | D:2      | Reached skill level 5 in Fighting
   217 | D:2      | Reached skill level 7 in Unarmed Combat
   217 | D:2      | Reached XP level 3. HP: 8/33 MP: 3/3
   218 | D:2      | Reached skill level 10 in Unarmed Combat
   218 | D:2      | Gained mutation: Your flesh is cold resistant. [demonic ancestry]
   218 | D:2      | Reached XP level 4. HP: 8/39 MP: 4/4
   564 | D:3      | Gained mutation: You are immune to rotting. [demonic ancestry]
   564 | D:3      | Reached XP level 5. HP: 25/45 MP: 5/5
   574 | D:3      | You fall through a shaft!
   585 | D:4      | Found Nukegaq's Assorted Antiques.
   597 | D:4      | Bought a scroll labeled DEMOME TEXERI for 25 gold pieces
   597 | D:4      | Bought a fizzy golden potion for 22 gold pieces
   608 | D:4      | Noticed an ogre
   619 | D:4      | Slain by an ogre

Dungeon Overview and Level Annotations

Branches:
Dungeon (4/15)
 Temple: D:4-7

Altars:
Cheibriados

Shops:
D:4 *


Message History

You feel a bit more experienced.
There is an entrance to Nukegaq's Assorted Antiques here.
i - 2 scrolls labeled DEMOME TEXERI (gained 1)
e - 4 fizzy golden potions (gained 1) Thank you for shopping at Nukegaq's Assorted Antiques!
Drink which item? (? for menu, Esc to quit)
It was a potion of curing.
You feel better. 2 orcs come into view.
Found a leatherbound book.
Things that are here:
a dagger; a robe
Found 8 gold pieces.
An orc and an ogre come into view.
Found 28 stones.
You see here a poisoned needle.
l - 12 poisoned needles (gained 1)
The orc shouts!
The ogre shouts!
The orc shouts! x2
You hit the orc.
The orc is heavily wounded.
The orc hits you.
You punch the orc!
You kill the orc!
You hit the ogre.
The ogre is lightly wounded.
The ogre completely misses you.
You punch the ogre!
The ogre is moderately wounded.
A giant gecko comes into view.
You hit the ogre.
The ogre is moderately wounded.
The ogre closely misses you.
You punch the ogre!
The ogre is heavily wounded.
You hit the ogre. Your punch misses the ogre.
The ogre is severely wounded.
The ogre hits you with a giant club!!
Ouch! That really hurt!
You die...

You could see an ogre, an orc and a giant gecko.

Vanquished Creatures
  An orc wizard (D:4)
  A hound (D:3)
  3 adders
  2 worms (D:2)
  5 orcs
  2 kobolds (D:3)
  2 bats
  A giant newt (D:2)
  2 goblins
  A quokka (D:3)
  A quokka skeleton (D:4)
  A rat (D:2)
22 creatures vanquished.

Action                   |  1- 3 |  4- 6 || total
-------------------------+-------+-------++-------
Melee: Unarmed           |    18 |    40 ||    58
 Fire: Blowgun           |       |     2 ||     2
  Use: Potion            |     2 |     1 ||     3
 Stab: Sleeping          |     1 |     2 ||     3

Vault maps used:
D:1:      elethiomel_arrival_maze, hangedman_decor_points, minmay_newt_pond
D:2:      cheibriados_altar_1
D:3:      first_bread, uniq_sigmund
D:4:      serial_shops, shop
